[Event "Late-Titled-Tuesday-Blitz-February-20-2024"]
[Site "Chess.com"]
[Date "2024.02.20"]
[Round "2"]
[White "Chemim21"]
[Black "Eloist"]
[Result "0-1"]
[WhiteElo "2206"]
[BlackElo "2474"]
[TimeControl "180+1"]
[EndTime "14:16:55 PST"]
[Termination "Eloist won on time"]

1. e4 e6 2. d4 d5 3. Nc3 Nf6 4. exd5 exd5 5. Bd3 Bg4 6. Nge2 c6 7. Bg5 Be7 8. h3 Bh5 9. g4 Bg6 10. Qd2 Nbd7 11.
O-O-O Qa5 12. Kb1 O-O-O 13. Rhe1 Nb6 14. Nf4 Bxd3 15. cxd3 Rhe8 16. Ncxd5 Rxd5 17. Bxf6 Qxd2 18. Rxd2 gxf6 19. Nxd5 Nxd5 20. Rde2 Kd7 21. Re4 Rh8 22. f4 h5 23. f5 hxg4 24. hxg4 Rh3 25. Rd1 Nb4 26. Rde1 Bd6 27. R4e3 Rh2 28. a3 Nc2 29. R3e2 Nxe1 30. Rxh2 Bxh2 0-1

[Event "Late-Titled-Tuesday-Blitz-February-20-2024"]
[Site "Chess.com"]
[Date "2024.02.20"]
[Round "2"]
[White "Slovineanu"]
[Black "AlexOstrovskiy"]
[Result "1/2-1/2"]
[WhiteElo "2436"]
[BlackElo "2744"]
[TimeControl "180+1"]
[EndTime "14:16:56 PST"]
[Termination "Game drawn by repetition"]

1. d4 Nf6 2. Nf3 c5 3. d5 g6 4. Nc3 Bg7 5. e4 d6 6. Bb5+ Bd7 7. a4 O-O 8. h3 Bxb5 9. axb5 Nbd7 10. O-O Ne8 11.
Re1 Nc7 12. Qd3 Nb6 13. Nd2 Qd7 14. Ra5 e6 15. Nc4 exd5 16. Nxd5 Nbxd5 17. exd5 b6 18. Ra2 Nxb5 19. Bf4 Rfe8 20. Rxe8+ Rxe8 21. c3 Re1+ 22. Kh2 Re7 23. Qg3 Qf5 24. Bxd6 Nxd6 25. Qxd6 Rd7 26.
Qb8+ Bf8 27. Nxb6 Rd6 28. Nc4 Qf4+ 29. Kg1 Qxc4 30. Rxa7 Qf4 31. Ra8 Qc1+ 32. Kh2 Qf4+ 33. Kg1 Qc1+ 34. Kh2 Qf4+ 35. Kg1 1/2-1/2

[Event "Late-Titled-Tuesday-Blitz-February-20-2024"]
[Site "Chess.com"]
[Date "2024.02.20"]
[Round "2"]
[White "krucki03"]
[Black "A-Fier"]
[Result "1-0"]
[WhiteElo "2548"]
[BlackElo "2844"]
[TimeControl "180+1"]
[EndTime "14:16:58 PST"]
[Termination "krucki03 won by checkmate"]

1. d4 Nf6 2. c3 b6 3. Nf3 Bb7 4. Bf4 e6 5. Nbd2 d6 6. Qc2 Be7 7. e4 Nbd7 8. Bd3 c5 9. O-O cxd4 10.
cxd4 h6 11. Rac1 O-O 12. Qc7 Qxc7 13. Rxc7 Rab8 14. Rfc1 Rfd8 15. h3 Kf8 16. Kf1 Ne8 17. R7c2 Ndf6 18. Ke2 g5 19. Bg3 Kg7 20. e5 Bxf3+ 21. Nxf3 Nh5 22. Bh2 d5 23. g4 Nf4+ 24. Bxf4 gxf4 25. Ne1 f6 26. Ng2 fxe5 27. dxe5 f3+ 28.
Kxf3 Bg5 29. Re1 Rb7 30. h4 Rf7+ 31. Kg3 Be7 32. f4 Bc5 33. a3 Nc7 34. b4 Bd4 35. Rec1 Ne8 36. Rd1 Re7 37. Bb5 Nf6 38. exf6+ Bxf6 39. g5 hxg5 40. hxg5 Bxg5 41. fxg5 Kg6 42. Nh4+ Kxg5 43.
Nf3+ Kf6 44. Re2 Rg8+ 45. Kf4 Reg7 46. Ne5 Rh8 47. Nd7+ Ke7 48. Rxd5 Rh4+ 49. Kf3 Rh3+ 50. Ke4 exd5+ 51. Kxd5+ Kd8 52. Ne5 Rxa3 53. Kd6 Kc8 54.
Rc2+ Kb8 55. Nd7+ Kb7 56. Rc7+ Ka8 57. Bc6# 1-0

[Event "Late-Titled-Tuesday-Blitz-February-20-2024"]
[Site "Chess.com"]
[Date "2024.02.20"]
[Round "2"]
[White "DanielNaroditsky"]
[Black "mirciulica14"]
[Result "1-0"]
[WhiteElo "3122"]
[BlackElo "2652"]
[TimeControl "180+1"]
[EndTime "14:16:59 PST"]
[Termination "DanielNaroditsky won by resignation"]

1. e4 g6 2. d4 c6 3. Nc3 d5 4. f3 Bg7 5. Be3 dxe4 6. fxe4 Nf6 7. Nf3 O-O 8. Qd2 Ng4 9. Bg5 c5 10. dxc5 Nc6 11. O-O-O Qa5 12. h3 Bxc3 13. Qxc3 Qxc3 14. bxc3 Nf2 15. Bb5 Nxh1 16. Rxh1 f6 17. Bh6 Rd8 18. Bc4+ Kh8 19. g4 Na5 20. Bd3 Be6 21. e5 Nc6 22.
Re1 Bd5 23. Be4 Bxe4 24. Rxe4 Nxe5 25. Nxe5 fxe5 26. Rxe5 Rd7 27. h4 Kg8 28. h5 Kf7 29. Be3 Rad8 30. Bd4 Rd5 31. hxg6+ hxg6 32. Re4 e6 33.
Rf4+ Kg8 34. Rf6 Rg5 35. Rxe6 Rxg4 36. Re7 b6 37. c6 Rc8 38. c7 Kf8 39. Rh7 Ke8 40.
Bf6 Rc4 41. Be5 Rc5 42. Bd6 Rxc3 43. Re7+ Kf8 44. Re3+ Kf7 45. Rxc3 Ke6 46. Rd3 g5 47. Kd2 Kf5 48. Bh2 g4 49. Rd8 1-0

[Event "Late-Titled-Tuesday-Blitz-February-20-2024"]
[Site "Chess.com"]
[Date "2024.02.20"]
[Round "2"]
[White "Kosak12"]
[Black "Dinamo3"]
[Result "1-0"]
[WhiteElo "2814"]
[BlackElo "2517"]
[TimeControl "180+1"]
[EndTime "14:16:59 PST"]
[Termination "Kosak12 won on time"]

1. e4 c5 2. c3 Nf6 3. e5 Nd5 4.
Nf3 Nc6 5. Bc4 Nb6 6. Bb3 d5 7. exd6 Qxd6 8. O-O e6 9. d4 cxd4 10. cxd4 Be7 11. Nc3 O-O 12. a3 Nd5 13. Ne4 Qd8 14. Bc2 b6 15. Qd3 g6 16. Bh6 Re8 17. Rfe1 Bb7 18.
Rad1 Rc8 19. Bb1 Nf6 20. Ba2 Nxe4 21. Qxe4 Bf6 22. Qf4 Bg7 23. d5 exd5 24. Rxe8+ Qxe8 25. Bxd5 Rd8 26. Re1 Qd7 27. Bb3 Bxh6 28. Qxh6 Kh8 29. Ng5 f6 30. Nf7+ 1-0

[Event "Late-Titled-Tuesday-Blitz-February-20-2024"]
[Site "Chess.com"]
[Date "2024.02.20"]
[Round "2"]
[White "Fonsofan"]
[Black "ChEsper99"]
[Result "1-0"]
[WhiteElo "2681"]
[BlackElo "2271"]
[TimeControl "180+1"]
[EndTime "14:17:00 PST"]
[Termination "Fonsofan won by resignation"]

1. e4 c5 2. Nf3 d6 3. g3 Nf6 4.
Qe2 g6 5. Bg2 Bg7 6. c3 e5 7. O-O Nc6 8. Na3 O-O 9. d3 Re8 10. Bg5 h6 11. Bxf6 Qxf6 12. Rfe1 Be6 13. Nd2 Qd8 14. Nf1 d5 15. Ne3 d4 16. Nd5 dxc3 17. bxc3 Ne7 18. Nxe7+ Qxe7 19. Nc2 Red8 20. Ne3 h5 21. Rab1 b6 22. Nd5 Bxd5 23. exd5 Qd6 24.
a4 Rab8 25. Rb3 f5 26. Reb1 Kh7 27. Qa2 h4 28. a5 f4 29. axb6 Rxb6 30. g4 Rxb3 31.
Rxb3 f3 32. Bxf3 h3 33. Qxa7 Rf8 34. Rb6 Ra8 35. Rxd6 Rxa7 36. Kf1 Ra1+ 37. Ke2 e4 38. Bxe4 Be5 39. Rxg6 Bxh2 40. Ra6+ 1-0

[Event "Late-Titled-Tuesday-Blitz-February-20-2024"]
[Site "Chess.com"]
[Date "2024.02.20"]
[Round "2"]
[White "IraZyne"]
[Black "sharkarton"]
[Result "1/2-1/2"]
[WhiteElo "2336"]
[BlackElo "2512"]
[TimeControl "180+1"]
[EndTime "14:17:00 PST"]
[Termination "Game drawn by repetition"]

1. e4 c5 2. Nc3 g6 3. g3 Bg7 4. Bg2 Nc6 5. d3 Rb8 6. Be3 d6 7. Qd2 b5 8. Nge2 b4 9. Nd1 e6 10. O-O h5 11. h3 Nge7 12. a3 a5 13. axb4 axb4 14. f4 O-O 15. g4 hxg4 16. hxg4 f5 17. exf5 gxf5 18. g5 Bb7 19. d4 Nxd4 20. Nxd4 cxd4 21.
Bxd4 Bxd4+ 22. Qxd4 Bxg2 23. Kxg2 Qb6 24. Qxb6 Rxb6 25.
Ne3 Rc8 26. Ra7 Ng6 27. Kg3 b3 28. c3 Rcb8 29. Rh1 R6b7 30. Ra6 Rb6 31. Ra7 R6b7 32. Ra3 Kg7 33. Nc4 Rd7 34. Ra6 Rbd8 35. Rd1 e5 36. fxe5 f4+ 37. Kf2 Nxe5 38. Nxd6 Kf8 39. Rd5 Nf7 40.
Nxf7 Rxd5 41. Nxd8 Rxd8 42. Kf3 Rd2 43. Kxf4 Rxb2 44.
Rb6 Rf2+ 45. Ke5 b2 46. c4 Rc2 47. Kd4 Rg2 48. g6 Ke7 49. Kc3 Rxg6 50. Rxb2 Kd7 51. Kd4 Rg5 52. Rh2 Kc6 53. Rh6+ Kc7 54. Kc3 Rf5 55. Kb4 Rg5 56. c5 Rg1 57. Kb5 Rb1+ 58.
Kc4 Rc1+ 59. Kb5 Rb1+ 60. Kc4 Rc1+ 61. Kb5 Rb1+ 1/2-1/2

[Event "Late-Titled-Tuesday-Blitz-February-20-2024"]
[Site "Chess.com"]
[Date "2024.02.20"]
[Round "2"]
[White "dosto07"]
[Black "NowInChess"]
[Result "1-0"]
[WhiteElo "2508"]
[BlackElo "2299"]
[TimeControl "180+1"]
[EndTime "14:17:00 PST"]
[Termination "dosto07 won on time"]

1. e4 e6 2. d4 d5 3. Nd2 Nc6 4.
Ngf3 Nf6 5. e5 Nd7 6. Be2 f6 7. exf6 Qxf6 8. Nf1 Bd6 9. Ne3 O-O 10. O-O Nb6 11. Ng4 Qe7 12. Bg5 Qf7 13. c3 h6 14.
Bd2 Bd7 15. h3 Rae8 16. Bxh6 e5 17. dxe5 Bxg4 18. hxg4 Nxe5 19. Nxe5 Rxe5 20. Be3 Nc4 21.
Bxc4 dxc4 22. Bd4 Rd5 23. Qe2 Qf4 24. g3 Qh6 25. Qxc4 c6 26. Kg2 Qg5 27. Be3 Qf6 28.
Rad1 Qf3+ 29. Kg1 Bxg3 30. Rxd5 cxd5 31. Qd4 Bb8 32. Rd1 Kh8 33. g5 1-0

[Event "Late-Titled-Tuesday-Blitz-February-20-2024"]
[Site "Chess.com"]
[Date "2024.02.20"]
[Round "2"]
[White "igorkovalenko"]
[Black "MrKGG1"]
[Result "1-0"]
[WhiteElo "2971"]
[BlackElo "2587"]
[TimeControl "180+1"]
[EndTime "14:17:01 PST"]
[Termination "igorkovalenko won by resignation"]

1. e4 e6 2. Nc3 d5 3. d4 Bb4 4.
exd5 exd5 5. Bd3 Ne7 6. Qf3 c5 7. dxc5 Nd7 8. a3 Bxc3+ 9. bxc3 Nxc5 10. Ne2 O-O 11. O-O Nc6 12. Bf4 Re8 13. Rfe1 Nxd3 14. cxd3 Bf5 15. g4 Bg6 16. Ng3 Qd7 17. h4 h6 18. h5 Bh7 19. d4 Re6 20. Re3 Rae8 21.
Rae1 Na5 22. g5 hxg5 23. Bxg5 Nc4 24. Rxe6 fxe6 25. h6 Qf7 26. Qg4 Qg6 27. hxg7 Kxg7 28. Nh5+ Kf7 29. Nf6 Qf5 30. Qxf5 Bxf5 31. Nxe8 Kxe8 32.
Bc1 Kd7 33. f3 Kc6 34. Kf2 Kb5 35. Rg1 b6 36. Rg7 a5 37. Rb7 Ka4 38. Bf4 Kb3 39. Bc7 Kxc3 40. Bxb6 Nxb6 41. Rxb6 Kxd4 42. Ra6 Kc4 43.
Rxa5 d4 44. Ra7 Kd3 45. a4 e5 46. Rc7 Kd2 47. a5 e4 48. fxe4 Bxe4 49. a6 d3 50. a7 Kd1 51. Ke3 d2 52. Kxe4 Ke1 53. Rd7 d1=Q 54. Rxd1+ Kxd1 1-0

[Event "Late-Titled-Tuesday-Blitz-February-20-2024"]
[Site "Chess.com"]
[Date "2024.02.20"]
[Round "2"]
[White "SaqoChess_Twitch"]
[Black "Grischuk"]
[Result "0-1"]
[WhiteElo "2628"]
[BlackElo "3072"]
[TimeControl "180+1"]
[EndTime "14:17:02 PST"]
[Termination "Grischuk won by resignation"]

1. d4 e6 2. c4 b6 3. Nc3 Bb4 4.
a3 Bxc3+ 5. bxc3 f5 6. e3 Nf6 7. f3 O-O 8. Bd3 Nc6 9. Ne2 Ba6 10. O-O Na5 11. c5 Bxd3 12. Qxd3 bxc5 13. e4 fxe4 14. fxe4 Nb3 15. Bg5 Nxa1 16. e5 Nb3 17. exf6 gxf6 18.
Bh6 Rf7 19. Qc4 Rb8 20. d5 Qe7 21. Ng3 f5 22. Rb1 exd5 23. Rxb3 Rb6 24. Rxb6 axb6 25. Qxd5 c6 26. Qd2 Qf6 27. h3 f4 28. Ne4 Qxh6 29. Nd6 Rf8 30. Qa2+ Qe6 31. Qd2 Qe3+ 32. Qf2 b5 33.
Kf1 Qxf2+ 34. Kxf2 Ra8 35. Ne4 Rxa3 36. Kf3 d5 37.
Kxf4 dxe4 0-1

[Event "Late-Titled-Tuesday-Blitz-February-20-2024"]
[Site "Chess.com"]
[Date "2024.02.20"]
[Round "2"]
[White "NtcPou"]
[Black "Bkmzzzzz"]
[Result "0-1"]
[WhiteElo "2006"]
[BlackElo "2425"]
[TimeControl "180+1"]
[EndTime "14:17:02 PST"]
[Termination "Bkmzzzzz won by resignation"]

1. e4 d6 2. d4 Nf6 3. Nc3 e5 4. Nf3 Nbd7 5. Bc4 Be7 6. O-O O-O 7. Re1 c6 8. a4 b6 9. h3 a6 10. Be3 Bb7 11. Qd3 b5 12. Ba2 b4 13. Ne2 exd4 14.
Nexd4 c5 15. Nf5 Bxe4 16. Nxe7+ Qxe7 17. Qd2 Bxf3 18. gxf3 Ne5 19. Kg2 Qb7 20. Qe2 Rfe8 21. Bg5 Ng6 22. Qd3 Red8 23. Re3 d5 24. Rae1 c4 25.
Qe2 Qc6 26. Kg1 h6 27. Bxf6 Qxf6 28. c3 Nf4 29. Qf1 Nd3 30. Rd1 Nxb2 31. Rd2 Nd3 32. cxb4 Nxb4 33. Bb1 d4 34. Re4 c3 35. Rde2 d3 36. Bxd3 Nxd3 37. Qg2 Nf4 0-1

[Event "Late-Titled-Tuesday-Blitz-February-20-2024"]
[Site "Chess.com"]
[Date "2024.02.20"]
[Round "2"]
[White "inagreV"]
[Black "katharinareinecke"]
[Result "0-1"]
[WhiteElo "2401"]
[BlackElo "1987"]
[TimeControl "180+1"]
[EndTime "14:17:02 PST"]
[Termination "katharinareinecke won by resignation"]

1. e4 c6 2. Nf3 d5 3. d3 Bg4 4. h3 Bxf3 5. Qxf3 e6 6. Nd2 Nf6 7. g3 Be7 8. Bg2 d4 9. O-O c5 10. a4 Nc6 11. Nc4 Nd7 12. Qe2 O-O 13. f4 Rb8 14.
Bd2 b6 15. e5 Na5 16. Bxa5 bxa5 17. b3 Qc7 18. Qd2 Nb6 19. Qxa5 Rfc8 20. Nxb6 axb6 21.
Qd2 Ra8 22. Rae1 Ra7 23. f5 exf5 24. Rxf5 h6 25. Bd5 Bg5 26. Qf2 Be3 27. Rxe3 dxe3 28.
Qxe3 Rf8 29. e6 Kh8 30. exf7 Qd7 31. Be6 Qe7 32. Rh5 Qf6 33. Bd5 Re7 34. Qf2 Qa1+ 35. Kg2 Re1 36. d4 Qd1 37. Rxh6+ gxh6 38. Qf6+ Kh7 39.
Qf5+ Kg7 40. h4 Qe2+ 41. Kh3 Qf1+ 42. Bg2 Qxf5+ 0-1

[Event "Late-Titled-Tuesday-Blitz-February-20-2024"]
[Site "Chess.com"]
[Date "2024.02.20"]
[Round "2"]
[White "crescentmoon2411"]
[Black "akanga001"]
[Result "1-0"]
[WhiteElo "2987"]
[BlackElo "2021"]
[TimeControl "180+1"]
[EndTime "14:17:03 PST"]
[Termination "crescentmoon2411 won by checkmate"]

1. d4 d5 2. c4 e6 3. Nc3 Nf6 4. Nf3 a6 5. cxd5 exd5 6. Bg5 Be7 7. e3 c6 8. Bd3 O-O 9. Qc2 Nbd7 10. O-O-O h6 11.
h4 Ne8 12. g4 Nd6 13. Bxe7 Qxe7 14. g5 h5 15. g6 f6 16. e4 Nb6 17. Rde1 Qd8 18.
e5 Ndc4 19. e6 Qd6 20. Qe2 Qb4 21. Nd1 Re8 22. Ng5 fxg5 23. a3 Qd2+ 24. Qxd2 Nxd2 25. Kxd2 Bxe6 26. hxg5 Bg4 27. Ne3 Bf3 28. Rh3 Rf8 29.
b3 Rae8 30. Bf5 Be4 31. Bxe4 Rxe4 32. Rxh5 Rxd4+ 33. Kc3 Rdf4 34. Reh1 d4+ 35. Kd3 dxe3 36.
Rh8# 1-0

[Event "Late-Titled-Tuesday-Blitz-February-20-2024"]
[Site "Chess.com"]
[Date "2024.02.20"]
[Round "2"]
[White "pr1105"]
[Black "azikom"]
[Result "0-1"]
[WhiteElo "2359"]
[BlackElo "2650"]
[TimeControl "180+1"]
[EndTime "14:17:05 PST"]
[Termination "azikom won on time"]

1. e4 c5 2. Nf3 e6 3. d4 cxd4 4.
Nxd4 a6 5. c4 g6 6. Nc3 Bg7 7. Be3 Ne7 8. Be2 O-O 9. O-O d5 10. cxd5 exd5 11. exd5 Nxd5 12. Nxd5 Qxd5 13. Bf3 Qa5 14. Qb3 Nd7 15. Rac1 Ne5 16. Bd5 Rd8 17. Be4 Ng4 18. Rfd1 Nxe3 19. Qxe3 Qxa2 20. Nf3 Be6 21. Bxb7 Rab8 22. Rxd8+ Rxd8 23. Qb6 Rb8 24. Qa7 Rd8 25. Qxa6 Qxb2 26. Qc6 Bh6 27. Rf1 Bf4 28. Qe4 Bd6 29. g3 Bf5 30. Qc6 Bd3 31. Rd1 Be2 32. Rxd6 Rxd6 0-1

[Event "Late-Titled-Tuesday-Blitz-February-20-2024"]
[Site "Chess.com"]
[Date "2024.02.20"]
[Round "2"]
[White "STAYFlow"]
[Black "noblerone"]
[Result "1-0"]
[WhiteElo "2379"]
[BlackElo "2503"]
[TimeControl "180+1"]
[EndTime "14:17:05 PST"]
[Termination "STAYFlow won on time"]

1. e4 c5 2. Nf3 Nc6 3. d4 cxd4 4. Nxd4 Nf6 5. c4 Nxe4 6. Be3 Qa5+ 7. Nd2 Nxd2 8. Bxd2 Qe5+ 9. Ne2 Qxb2 10. Bc3 Qa3 11. g3 e6 12. Bg2 Bb4 13. Rc1 O-O 14. O-O Bxc3 15. Nxc3 a6 16. h4 b6 17. h5 h6 18.
Re1 Rb8 19. Re3 Qe7 20. Nd5 Qg5 21. f4 Qd8 22. Nc3 Ne7 23. Rd3 Qc7 24. Ne4 Nf5 25. Qf1 Bb7 26. g4 Bxe4 27. Bxe4 Ne7 28. Rg3 f5 29.
Bd3 Kh8 30. g5 1-0

[Event "Late-Titled-Tuesday-Blitz-February-20-2024"]
[Site "Chess.com"]
[Date "2024.02.20"]
[Round "2"]
[White "Antipov_Mikhail_Al"]
[Black "ferdipy"]
[Result "1-0"]
[WhiteElo "2951"]
[BlackElo "2398"]
[TimeControl "180+1"]
[EndTime "14:17:06 PST"]
[Termination "Antipov_Mikhail_Al won by resignation"]

1. e4 e6 2. d4 d5 3. Nd2 Nf6 4. e5 Nfd7 5. Bd3 c5 6. c3 Nc6 7. Ngf3 cxd4 8. cxd4 Be7 9. O-O g5 10. Nb3 g4 11. Ne1 h5 12. f3 Rg8 13. f4 a5 14. Be3 Qb6 15. a4 f6 16. exf6 Bxf6 17. Bb5 Nf8 18. Nd3 Bd7 19. Nbc5 O-O-O 20. b4 Nxb4 21. Nxd7 Nxd7 22. Nxb4 axb4 23. Qd3 Qa5 24.
Rfb1 Nb6 25. Bd2 Be7 26. Re1 Kb8 27. Rxe6 Bd6 28. Rb1 Nc4 29. Bxc4 dxc4 30. Qxc4 Qf5 31. Rbe1 Rc8 32. Qb3 Bxf4 33. Bxf4+ Qxf4 34. Qxb4 Rgd8 35. R6e4 Qd6 36. Qxd6+ Rxd6 37. Rb1 Rc4 38. Re7 Rdxd4 39. Rbxb7+ Kc8 40. Ra7 Rb4 41. Ra8+ Rb8 42. Re8+ Rd8 43. Rxb8+ Kxb8 44. Rxd8+ Kc7 45. Rh8 1-0

[Event "Late-Titled-Tuesday-Blitz-February-20-2024"]
[Site "Chess.com"]
[Date "2024.02.20"]
[Round "2"]
[White "Oleksandr_Bortnyk"]
[Black "Titus369"]
[Result "1-0"]
[WhiteElo "3078"]
[BlackElo "2634"]
[TimeControl "180+1"]
[EndTime "14:17:07 PST"]
[Termination "Oleksandr_Bortnyk won by resignation"]

1. e4 c5 2. c3 g6 3. d4 cxd4 4.
cxd4 d5 5. exd5 Nf6 6. Nc3 Nxd5 7. Bc4 Nb6 8. Bb3 Nc6 9. d5 Na5 10. Qd4 Nxb3 11. axb3 f6 12. h4 e5 13. Qd3 Bf5 14.
Qe2 a6 15. g4 Bd7 16. Qe4 Bg7 17. h5 f5 18. gxf5 Bxf5 19. Qg2 Rc8 20. Nge2 O-O 21.
hxg6 Bxg6 22. Be3 Nd7 23. Ra4 e4 24. Nxe4 b5 25. Rxa6 Ne5 26. Ng5 Ra8 27. Ne6 Nd3+ 28. Kd2 Qe7 29. Rxa8 Rxa8 30. Nxg7 Qxg7 31. Bd4 Qf7 32.
Qg5 Rc8 33. f4 Nb4 34. Nc3 Nd3 35. f5 Qxf5 36. Qxf5 Bxf5 37. Nxb5 Nf4 38. Nc3 Bg6 39. Rf1 Nh5 40. d6 Rd8 41. Be5 Bf7 42. b4 Rb8 43. Ne4 Rxb4 44. d7 Rb5 45. d8=Q+ 1-0

[Event "Late-Titled-Tuesday-Blitz-February-20-2024"]
[Site "Chess.com"]
[Date "2024.02.20"]
[Round "2"]
[White "Tunahan_Makaraci"]
[Black "Kiborg95"]
[Result "0-1"]
[WhiteElo "2520"]
[BlackElo "2821"]
[TimeControl "180+1"]
[EndTime "14:17:07 PST"]
[Termination "Kiborg95 won on time"]

1. e4 d6 2. d4 Nf6 3. Nc3 e5 4. Nge2 c6 5. a4 Be7 6. h3 h5 7. Bg5 Nbd7 8. g3 b6 9. Bg2 a6 10. O-O Bb7 11. f4 O-O 12. Kh2 Re8 13. Kh1 b5 14.
axb5 axb5 15. Rxa8 Qxa8 16. dxe5 dxe5 17. fxe5 Nxe5 18. Nf4 b4 19. Nb1 Rd8 20. Qe1 Qa1 21. Bxf6 Bxf6 22. Nxh5 Bg5 23. Qxb4 Ba6 24. Re1 Bd2 25.
Qe7 Bxe1 26. Qxd8+ Kh7 27. Qd1 Bf2 28. Nc3 Qxb2 29.
Ne2 Nc4 30. Nhf4 Ne3 31. Qc1 Qxc1+ 32. Nxc1 Bxg3 33. Nfe2 Be5 34. Nd3 Bc7 35. Nd4 Nxc2 36. Nc5 Nxd4 37. Nxa6 Bd6 38. Kg1 Kg6 39. Kf2 Kf6 40. Ke3 Ke5 41. Kd3 Ne6 42. Kc4 Nf4 43. Bf3 Nxh3 0-1

[Event "Late-Titled-Tuesday-Blitz-February-20-2024"]
[Site "Chess.com"]
[Date "2024.02.20"]
[Round "2"]
[White "kleopl"]
[Black "micke12a"]
[Result "0-1"]
[WhiteElo "2504"]
[BlackElo "2346"]
[TimeControl "180+1"]
[EndTime "14:17:07 PST"]
[Termination "micke12a won by resignation"]

1. e4 c5 2. Nc3 g6 3. f4 Nc6 4.
Bb5 Nd4 5. Bc4 a6 6. Nf3 Bg7 7. Nxd4 cxd4 8. Ne2 e6 9. d3 b5 10. Bb3 Bb7 11. O-O Ne7 12. a4 O-O 13. Qe1 Nc6 14.
Bd2 Qb6 15. Kh1 Kh8 16. Qh4 Na5 17.
Bxa5 Qxa5 18. axb5 Qxb5 19. Ba4 Qb4 20. c3 Qxb2 21.
Qf2 Qd2 22. Rad1 Qa2 23. Ra1 Qd2 24. Rad1 Qe3 25. Nxd4 Qxf2 26. Rxf2 Bxd4 27. cxd4 d5 28. e5 Rfc8 29. Rb2 Bc6 30. Bxc6 Rxc6 31. Ra2 Rc3 32. Kg1 Rb3 33. Kf2 a5 34. Ke3 a4 35. Rda1 a3 36. g3 h5 37. h3 Kg7 38. g4 hxg4 39. hxg4 Kf8 40. Rh1 Ke7 41. Rha1 Ra4 42. Rc1 Rbb4 43. Rc7+ Kf8 44. f5 gxf5 45. gxf5 exf5 46. Rd7 Rxd4 47.
Rxd5 Rxd5 0-1

[Event "Late-Titled-Tuesday-Blitz-February-20-2024"]
[Site "Chess.com"]
[Date "2024.02.20"]
[Round "2"]
[White "jaskol95"]
[Black "mishanick"]
[Result "0-1"]
[WhiteElo "2602"]
[BlackElo "3009"]
[TimeControl "180+1"]
[EndTime "14:17:08 PST"]
[Termination "mishanick won by checkmate"]

1. d4 Nf6 2. Nc3 d5 3. Bf4 e6 4.
Nb5 Bb4+ 5. c3 Ba5 6. a4 a6 7. b4 Bxb4 8. cxb4 axb5 9. axb5 Rxa1 10. Qxa1 Nh5 11. Bg3 Nxg3 12. hxg3 Qd6 13. Qc3 Bd7 14. e3 c6 15. bxc6 Nxc6 16. b5 Na7 17. Qa5 Nc8 18.
Nf3 Qb6 19. Qb4 Nd6 20. Ne5 f6 21. Ng6 Rg8 22. Rxh7 Kf7 23. Nf4 Bxb5 24. Bxb5 Nxb5 25. Qb1 Qc6 26. Kf1 Nc7 27. Kg1 b5 28. Qg6+ Kf8 29.
Nh5 Qe8 30. Qg4 Qf7 31. Qf4 Ne8 32. Qb8 Qg6 33. Rxg7 Rxg7 34. Nxg7 Qb1+ 35. Kh2 Qh7+ 36. Kg1 Qxg7 37. Qxb5 Qe7 38. f3 Nd6 39. Qb6 Kg7 40.
g4 Nf7 41. Qb8 Qa3 42. Kf2 Qa2+ 43. Kg3 Qd2 44. Qf4 Qe1+ 45. Kh3 Qh1+ 46. Kg3 Qh6 47. Qc7 Qxe3 48. Qd7 Qe2 49. Kh4 Qxg2 50. f4 Qh2# 0-1

[Event "Late-Titled-Tuesday-Blitz-February-20-2024"]
[Site "Chess.com"]
[Date "2024.02.20"]
[Round "2"]
[White "SouS007"]
[Black "Mops_2004"]
[Result "0-1"]
[WhiteElo "2482"]
[BlackElo "2772"]
[TimeControl "180+1"]
[EndTime "14:17:08 PST"]
[Termination "Mops_2004 won by checkmate"]

1. e4 g6 2. d4 Bg7 3. Nc3 d6 4.
f4 Nf6 5. Nf3 c5 6. dxc5 Qa5 7.
Qd3 Qxc5 8. Be3 Qa5 9. Qb5+ Qxb5 10. Bxb5+ Nc6 11. O-O-O O-O 12. h3 a6 13. Ba4 b5 14.
Bb3 Na5 15. e5 dxe5 16. fxe5 Nxb3+ 17. axb3 Nd7 18. Nd5 Nxe5 19. Nxe7+ Kh8 20. Nxe5 Bxe5 21. Rhe1 Be6 22. Bc5 Bf4+ 23. Kb1 Bh6 24. g4 Rfe8 25.
Nc6 Rac8 26. Bd4+ Kg8 27. Ne5 Rcd8 28. Nc6 Rd6 29. Ne5 Red8 30. c3 Bxb3 31. Rd3 Bg7 32. Bc5 Bxe5 33. Bxd6 Rxd6 34. Rxd6 Bxd6 35. Re8+ Kg7 36.
Ra8 f5 37. Ra7+ Kf6 38. Rxa6 Ke5 39. gxf5 gxf5 40. Ra7 f4 41. Kc1 f3 42. Kd2 f2 43.
Ke2 Bc4+ 44. Kxf2 Bc5+ 45. Ke1 Bxa7 46. b4 Ke4 47. h4 h5 48. Kd2 Kf4 49. Ke1 Kg3 50.
Kd2 Kxh4 51. Ke1 Kg3 52. Kd2 Kf3 53. Ke1 h4 54. Kd2 h3 55. Kc2 h2 56. Kb2 h1=Q 57.
Ka3 Qa1# 0-1

[Event "Late-Titled-Tuesday-Blitz-February-20-2024"]
[Site "Chess.com"]
[Date "2024.02.20"]
[Round "2"]
[White "CRObliterator"]
[Black "Malev212"]
[Result "1-0"]
[WhiteElo "2372"]
[BlackElo "2681"]
[TimeControl "180+1"]
[EndTime "14:17:08 PST"]
[Termination "CRObliterator won by resignation"]

1. e4 c5 2. c3 d5 3. exd5 Nf6 4. Qa4+ Nbd7 5. Qb3 g6 6. Nf3 Bg7 7. Bb5 O-O 8. O-O Nb6 9. c4 a6 10. Ba4 e6 11. dxe6 Bxe6 12. d3 Nxa4 13. Qxa4 Qxd3 14. Be3 Qxc4 15. Qxc4 Bxc4 16. Rc1 Bd5 17. Bxc5 Rfc8 18.
Nbd2 Ne4 19. Ba3 Nxd2 20. Nxd2 h5 21. Nb3 Re8 22. Re1 Rxe1+ 23. Rxe1 Rc8 24. Nc5 a5 25. b3 Bf8 26. Rc1 Rc6 27. Nxb7 Rxc1+ 28. Bxc1 Bxb7 29. a3 Bd5 30. Bd2 Bc4 31. bxc4 a4 32. Bc1 f5 33. Kf1 Kf7 34. Ke2 Ke6 35. Kd3 Bc5 36. f3 g5 37. h3 g4 38. hxg4 fxg4 39. fxg4 hxg4 40. Ke4 Bd6 41. Kd4 Kf5 42. c5 Bc7 43. Kd5 Bg3 44.
Bd2 1-0

[Event "Late-Titled-Tuesday-Blitz-February-20-2024"]
[Site "Chess.com"]
[Date "2024.02.20"]
[Round "2"]
[White "karinachess1"]
[Black "FredddieCroderg"]
[Result "1-0"]
[WhiteElo "2671"]
[BlackElo "2197"]
[TimeControl "180+1"]
[EndTime "14:17:09 PST"]
[Termination "karinachess1 won on time"]

1. d4 d5 2. c4 e6 3. Nc3 Nf6 4. cxd5 exd5 5. Bg5 Be7 6. e3 O-O 7. Bd3 Re8 8. Nf3 c6 9. O-O Nbd7 10.
Qc2 Nf8 11. h3 b5 12. Ne5 Bb7 13. a4 b4 14. Ne2 Rc8 15. a5 c5 16. Bf5 Ne6 17. Bxe6 fxe6 18. dxc5 Bxc5 19. Qd3 Qd6 20. Bxf6 gxf6 21. Ng4 Rf8 22. a6 Bc6 23. Nd4 Be8 24. Rfc1 Bg6 25. Qb5 h5 26. Nh2 Bb6 27. Nhf3 e5 28.
Nc6 Kh7 29. Nxb4 Be4 30. Nd2 Rxc1+ 31. Rxc1 Rg8 32. Nxe4 dxe4 33. Nd5 Qe6 34. Rc6 Qf7 35. Nxf6+ Kg7 36. Nxg8 Kxg8 37. Qxe5 Bc7 38. Rxc7 1-0

[Event "Late-Titled-Tuesday-Blitz-February-20-2024"]
[Site "Chess.com"]
[Date "2024.02.20"]
[Round "2"]
[White "Capablanca_Oujda_2021"]
[Black "AndresDelgado77"]
[Result "1-0"]
[WhiteElo "2503"]
[BlackElo "2274"]
[TimeControl "180+1"]
[EndTime "14:17:09 PST"]
[Termination "Capablanca_Oujda_2021 won on time"]

1. e4 e6 2. d4 d5 3. exd5 exd5 4.
Nf3 Nc6 5. Bd3 Bg4 6. c3 Bd6 7. O-O Qd7 8. b4 Nge7 9. a4 Ng6 10. a5 O-O 11. h3 Bh5 12. Be2 Rfe8 13. Be3 Nf4 14.
Bxf4 Bxf4 15. Nbd2 Rxe2 16. Qxe2 Bxd2 17. Qxd2 Bxf3 18.
gxf3 Qxh3 19. Qf4 Ne7 20. Rfe1 Ng6 21. Qg4 Qh6 22. Re3 Nh4 23. Rae1 f5 24. Qh3 Rf8 25.
Kf1 f4 26. Qe6+ Qxe6 27. Rxe6 Nxf3 28. Rd1 Ng5 29. Re7 Rf7 30. Re8+ Rf8 31. Rde1 Ne4 32. Rxf8+ Kxf8 33. Rc1 Nd2+ 34. Ke2 Nc4 35. Kf3 g5 36. Kg4 Kg7 37. Kxg5 f3 38. Kf4 1-0